 Dungeon Crawl Stone Soup version 0.31-a0-981-geadf994542 (webtiles) character file.

Game seed: 3523344876720208070

1431 p00ps00p the Chopper (level 8, -1/67 (73) HPs)
             Began as a Hill Orc Fighter on Oct 31, 2023.
             Slain by a wight
             ... wielding a +0 scimitar
              (3 damage)
             ... on level 6 of the Dungeon.
             The game lasted 00:07:59 (4356 turns).

p00ps00p the Chopper (Hill Orc Fighter)             Turns: 4356, Time: 00:07:59

HP:   -1/67 (73)    AC: 16    Str: 21    XL:     8   Next: 73%
MP:   8/8           EV:  8    Int:  8    God:
Gold: 101           SH:  7    Dex: 16    Spells: 7/7 levels left

rFire   . . .        a - +0 war axe
rCold   . . .        c - +1 buckler
rNeg    . . .        b - +1 chain mail {rPois}
rPois   +            (no helmet)
rElec   .            (no cloak)
rCorr   .            i - +2 pair of gloves
SInv    .            r - +0 pair of boots
Will    .....        q - amulet of the acrobat Stlth
                     h - +6 ring of dexterity
HPRegen 0.31/turn    (no ring)
MPRegen 0.11/turn

%: acrobat
@: drained, invisible
A: no striking features
a: no special abilities


You were on level 6 of the Dungeon.
You visited 1 branch of the dungeon, and saw 6 of its levels.

You collected 249 gold pieces.
You spent 148 gold pieces at shops.

Inventory:

Hand Weapons
 a - a +0 war axe (weapon)
Armour
 b - a +1 chain mail of poison resistance (worn)
 c - a +1 buckler (worn)
 i - a +2 pair of gloves (worn)
 r - a +0 pair of boots (worn)
Jewellery
 h - a +6 ring of dexterity (left hand)
 q - an amulet of the acrobat (around neck)
Scrolls
 g - 3 scrolls of enchant armour
 j - a scroll of poison
 m - 2 scrolls of immolation
 o - a scroll of fear
 p - a scroll of vulnerability
Potions
 d - a potion of might
 e - a potion of degeneration {unknown}
 f - 2 potions of enlightenment
 l - a potion of lignification {unknown}
 n - 3 potions of brilliance {unknown}
 s - a potion of attraction {unknown}
 t - a potion of heal wounds {unknown}


   Skills:
 + Level 7.2 Fighting
 + Level 7.3 Axes
 + Level 6.6 Armour
 + Level 6.6 Shields


You had 7 spell levels left.
You didn't know any spells.
Your spell library contained the following spells:

 Spells                   Type           Power      Damage    Failure   Level
 Scorch                   Fire           0%         2d5       99%         2
 Flame Wave               Conj/Fire      0%         2d4       100%        4
 Summon Cactus Giant      Summ           0%         N/A       100%        6


Dungeon Overview and Level Annotations

Branches:
Dungeon (6/15)
 Temple: D:4-7

Altars:
Fedhas

Shops:
D:4 (*?=   D:5 [*:(

Annotations:
D:5 1 runed translucent door, Dordric's ghost, novice OpSh


Message History

The wight hits you with a +0 scimitar.
* * * LOW HITPOINT WARNING * * *
You feel drained.
* * * LOW HITPOINT WARNING * * *
You closely miss the wight.
The wight is almost destroyed.
You closely miss the wight. x2; The wight hits you but does no damage.
The wight hits you with a +3 scimitar!
* * * LOW HITPOINT WARNING * * *
The wight hits you with a +0 scimitar.
* * * LOW HITPOINT WARNING * * *
You feel drained.
Okay, then.
You fade into invisibility!
The wight closely misses you. The wight barely misses you.
The wight hits you but does no damage.
You closely miss the wight.
The wight is almost destroyed.
You closely miss the wight. You hit the wight.
You destroy the wight!
You block the wight's attack. The wight barely misses you.
You strike the helpless wight from behind!
You hit the wight but do no damage.
The wight is almost destroyed.
You hit the wight. You block the wight's attack. x2
Unknown command.
You barely miss the wight.
The wight is almost destroyed.
You barely miss the wight. You block the wight's attack.
The wight barely misses you.
Unknown command.
You closely miss the wight.
The wight is almost destroyed.
You hit the wight. The wight barely misses you. You block the wight's attack.
The wight hits you with a +3 scimitar!
* * * LOW HITPOINT WARNING * * *
You feel drained.
* * * LOW HITPOINT WARNING * * *
The wight hits you with a +0 scimitar.
You die...

..........###...#####...<.##
....#......##...# ##...#####
.....##.##.....####......)..#
.....#.....##....##..........
#.......)...# #......##.#..##
##..........#.#..##### .#....
#.......<...#....####.#.. ...
.....##........#))........ ..
##...#......#.##@)....###..
#.#.#.##.####.)zz...... ..#
#. .# #.......... .. .. .)
...#.......# ...
......#.......# ...
.##..##........ #.. #........
... .........


You could see 2 wights.

Vanquished Creatures
  Edmund (D:6)
  A water moccasin (D:5)
  An ice beast (D:6)
  A centaur (D:6)
  A phantom (D:4)
  A gnoll sergeant (D:6)
  3 wights (D:6)
  The ghost of awesomeguy42 the Grave Robber, a weakling HuNe (D:4)
  2 howler monkeys (D:5)
  A hound (D:5)
  2 jellies
  2 sleepcaps (D:5)
  Jessica (D:2)
  Terence (D:2)
  3 iguanas
  An orc wizard (D:6)
  4 gnolls (D:6)
  7 adders
  A white imp (D:6)
  A worm (D:2)
  A dart slug (D:4)
  9 orcs
  3 endoplasms
  A giant cockroach (D:4)
  7 goblins
  8 hobgoblins
  4 jackals (D:1)
  2 quokkas
  5 ball pythons
  15 bats
  2 frilled lizards
  A kobold (D:3)
  3 rats
97 creatures vanquished.

Vanquished Creatures (others)
  Maggie (D:6)
  A gnoll (D:6)
2 creatures vanquished.

Grand Total: 99 creatures vanquished

Notes
Turn   | Place    | Note
-------+----------+-------------------------------------------
     0 | D:1      | p00ps00p the Hill Orc Fighter began the quest for the Orb.
     0 | D:1      | Reached XP level 1. HP: 19/19 MP: 1/1
   110 | D:1      | Reached XP level 2. HP: 14/27 MP: 2/2
   684 | D:2      | Noticed Jessica
   691 | D:2      | Killed Jessica
   692 | D:2      | Reached XP level 3. HP: 28/33 MP: 3/3
   839 | D:2      | Reached XP level 4. HP: 40/40 MP: 4/4
  1664 | D:2      | Noticed Terence
  1677 | D:2      | Killed Terence
  2032 | D:3      | Reached XP level 5. HP: 47/47 MP: 5/5
  2105 | D:3      | You fall into a shaft and drop 1 floor!
  2407 | D:3      | Found a blossoming altar of Fedhas.
  2775 | D:4      | Found Guataidoth's Jewellery Boutique.
  2794 | D:4      | Found a runed translucent door.
  2824 | D:4      | Found Zed Juxko's Magic Scroll Shop.
  2869 | D:4      | Found Kockoif's Weapon Emporium.
  3009 | D:4      | Noticed a phantom
  3016 | D:4      | Killed a phantom
  3017 | D:4      | Reached skill level 5 in Fighting
  3017 | D:4      | Reached XP level 6. HP: 56/56 MP: 6/6
  3064 | D:4      | Found Tevvasoe's Assorted Antiques.
  3233 | D:4      | Noticed awesomeguy42's ghost (weakling HuNe)
  3241 | D:4      | Killed awesomeguy42's ghost
  3277 | D:5      | Entered Level 5 of the Dungeon
  3298 | D:5      | Reached skill level 5 in Axes
  3301 | D:5      | Found Ixzaef's Armour Boutique.
  3308 | D:5      | Bought a +1 chain mail of poison resistance for 148 gold
                  | pieces
  3326 | D:5      | Found a runed translucent door.
  3327 | D:5      | Noticed Dordric's ghost (novice OpSh)
  3345 | D:5      | Noticed a water moccasin
  3351 | D:5      | Killed a water moccasin
  3352 | D:5      | Reached skill level 5 in Armour
  3352 | D:5      | Reached skill level 5 in Shields
  3352 | D:5      | Reached XP level 7. HP: 55/61 MP: 7/7
  3388 | D:5      | Found Tiyvaph's Assorted Antiques.
  3408 | D:5      | Found Rybri's Weapon Shop.
  3430 | D:5      | Found Gauluer's Book Shop.
  3840 | D:6      | Noticed Edmund
  3840 | D:6      | Noticed a steam dragon
  3965 | D:6      | Killed Edmund
  3979 | D:6      | Reached XP level 8. HP: 27/71 MP: 8/8
  3991 | D:6      | Noticed Maggie
  3999 | D:6      | Killed Maggie
  4356 | D:6      | HP: 3/68 [wight/+3 scimitar (7)]
  4356 | D:6      | Slain by a wight

Illustrated notes

Levels and vault maps discovered:
D:1:      dpeg_arrival_more_subterranean_lakeside_camping, layout_basic,
          due_unseen_surprise
D:2:      layout_basic, serial_forest, infiniplex_forest_zigzag_1,
          infiniplex_forest_diagonal, infiniplex_forest_3_way,
          infiniplex_forest_lined_3, infiniplex_forest_corner_1,
          infiniplex_forest_straight_2, infiniplex_forest_lined_room_,
          infiniplex_forest_clump_C, infiniplex_forest_lined_room_2,
          solitary_fountain, kennysheep_generic_room_4, uniq_terence,
          uniq_jessica
D:3:      layout_rooms, lemuel_tele_altar
D:4:      layout_cave_pools, ebering_ghost_reflecting_pool, serial_shops, shop,
          kennysheep_mini_moat, nicolae_shop_statue_plus,
          nicolae_shop_statue_plus
D:5:      layout_basic, serial_shops, nicolae_shop_advertising_works
          [nicolae_subvault_shop_adworks], shop, shop, nicolae_square_shop,
          ebering_ghost_inner_flame, roderic_batcave
D:6:      layout_cave_pools, kennysheep_small_square, uniq_crazy_yiuf_cottage,
          uniq_maggie, uniq_sigmund, uniq_edmund

Skill      XL: |  1  2  3  4  5  6  7  8 |
---------------+-------------------------+-----
Axes           | 3 4 5 6 7 |  7.3
Fighting       | 4 5 6 7 |  7.2
Shields        | 4 5 6 |  6.6
Armour         | 4 5 6 |  6.6

Action                     |  1- 3 |  4- 6 |  7- 9 || total
---------------------------+-------+-------+-------++-------
  Melee: War axe           |    39 |   125 |   103 ||   267
    Use: Scroll            |     4 |     5 |     1 ||    10
         Potion            |       |       |     5 ||     5
   Stab: Invisible         |       |       |     7 ||     7
 Armour: Scale mail        |    30 |       |       ||    30
         Plate armour      |    10 |    33 |       ||    43
         Chain mail        |       |    54 |    94 ||   148
  Dodge: Dodged            |    22 |    42 |    78 ||   142
  Block: Buckler           |    10 |    37 |    43 ||    90

Table legend: (Time is in decaauts)
 A = Elapsed time spent in this place.
 B = Non-inter-level travel time spent in this place.
 C = Inter-level travel time spent in this place.
 D = Time resting spent in this place.
 E = Time spent auto-exploring this place.
 F = Levels seen in this place.
 G = Mean time per level.
                   A        B        C        D        E       F      G
               +--------+--------+--------+--------+--------+-----+--------+
         Total |   4437 |   4201 |    236 |    787 |   2574 |   6 |  739.5 |
       Dungeon |   4437 |   4201 |    236 |    787 |   2574 |   6 |  739.5 |
               +--------+--------+--------+--------+--------+-----+--------+

Top non-repeatable levels by time:
     D:2: 1348 daAuts
     D:3: 766 daAuts
     D:1: 695 daAuts
     D:5: 683 daAuts
     D:4: 520 daAuts
     D:6: 423 daAuts
